Map: [ESL] Inside and Out

Players

Nice - Winner!

  • Race: Protoss Protoss
  • Spawn Location: 1:00

Rex

  • Race: Zerg Zerg
  • Spawn Location: 7:00

Event: DreamHack SC2 Masters 2022 Atlanta (Online)

VOD

Have the link to the VOD?

Description

Time

  • Played on: Oct. 2, 2022, 8:01 a.m.
  • Length: 12:29

All games in this series

Show
View Real Time Build Order
Export as new Build Order

Nice Protoss - Winner!

Build Orders: 1 Gate Expand, Oracle Opening, Phoenix Opening 

Get SALT Encoding   

  12  0:00  Probe  
  13  0:12  Probe  
  14  0:19  Pylon  
  14  0:24  Probe  
  15  0:37  Probe (Chrono Boost)  
  15  0:41  Gateway  
  16  0:49  Probe (Chrono Boost)  
  17  0:50  Assimilator  
  17  0:54  Probe (Chrono Boost)  
  18  1:03  Probe  
  19  1:15  Probe  
  20  1:28  Nexus  
  20  1:38  Cybernetics Core  
  20  1:43  Assimilator  
  20  1:45  Probe  
  21  1:52  Pylon  
  21  1:57  Probe  
  22  2:09  Probe (Chrono Boost)  
  22  2:12  Adept (Chrono Boost)  
  26  2:22  Probe (Chrono Boost)  
  26  2:24  Stargate  
  26  2:27  Probe (Chrono Boost)  
  27  2:34  Adept  
  27  2:36  Warp Gate  
  29  2:40  Probe (Chrono Boost)  
  29  2:42  Probe (Chrono Boost)  
  33  2:52  Probe (Chrono Boost)  
  33  2:53  Probe (Chrono Boost)  
  33  2:55  Gateway  
  33  2:57  Probe (Chrono Boost)  
  34  3:08  Phoenix (Chrono Boost)  
  34  3:11  Probe x2  
  38  3:16  Pylon  
  38  3:23  Probe x2  
  38  3:25  Oracle (Chrono Boost)  
  43  3:35  Probe x2  
  43  3:36  Pylon  
  45  3:46  Gateway  
  45  3:47  Probe x2  
  47  3:55  Oracle (Chrono Boost)  
  47  4:00  Probe x2, Pylon  
  52  4:12  Nexus  
  52  4:13  Probe  
  53  4:19  Probe  
  53  4:24  Oracle (Chrono Boost)  
  54  4:25  Probe  
  54  4:27  Adept x2  
  62  4:33  Probe  
  63  4:39  Assimilator  
  63  4:40  Shield Battery  
  63  4:42  Adept, Probe  
  63  4:43  Pylon  
  67  4:53  Adept  
  67  4:56  Adept  
  70  5:01  Probe  
  71  5:08  Probe  
  71  5:09  Assimilator  
  71  5:11  Forge  
  71  5:13  Probe (Chrono Boost), Stalker  
  75  5:15  Twilight Council  
  75  5:16  Shield Battery  
  75  5:20  Probe (Chrono Boost)  
  76  5:22  Stalker  
  76  5:25  Probe (Chrono Boost)  
  79  5:31  Probe (Chrono Boost)  
  79  5:33  Probe x2 (Chrono Boost), Pylon  
  82  5:36  Probe (Chrono Boost)  
  82  5:42  Probe  
  84  5:51  Sentry  
  84  5:52  Sentry x2, Probe  
  84  5:53  Blink (Chrono Boost)  
  84  5:54  Pylon  
  91  5:57  Pylon  
  91  6:00  Probe x2  
  91  6:02  Assimilator  
  93  6:04  Assimilator  
  93  6:05  Probe  
  94  6:11  Protoss Ground Weapons Level 1 (Chrono Boost)  
  94  6:12  Gateway, Probe x2  
  94  6:13  Gateway  
  94  6:15  Gateway  
  94  6:17  Probe  
  97  6:24  Probe x2  
  99  6:26  Pylon  
  99  6:27  Robotics Facility  
  99  6:28  Pylon  
  99  6:29  Probe  
  99  6:30  Pylon  
  100  6:34  Stalker x2  
  104  6:42  Stalker  
  106  7:03  Gateway  
  106  7:06  Gateway  
  106  7:07  Gateway, Pylon  
  106  7:08  Pylon  
  106  7:14  Pylon  
  107  7:15  Observer (Chrono Boost)  
  107  7:18  Robotics Bay  
  107  7:23  Robotics Facility  
  107  7:25  Shield Battery  
  107  7:27  Photon Cannon  
  107  7:28  Pylon  
  107  7:37  Observer  
  108  7:44  Photon Cannon  
  108  7:47  Pylon  
  108  7:49  Stalker x5, Pylon  
  118  8:03  Extended Thermal Lance (Chrono Boost)  
  118  8:04  Colossus (Chrono Boost)  
  124  8:06  Pylon  
  124  8:10  Colossus (Chrono Boost)  
  130  8:16  Nexus  
  130  8:18  Probe x3, Pylon  
  133  8:24  Charge, Protoss Ground Weapons Level 2  
  133  8:27  Shield Battery, Photon Cannon  
  133  8:29  Stalker x3  
  133  8:30  Stalker  
  133  8:33  Stalker  
  139  8:48  Nexus  
  139  8:50  Sentry x2  
  139  8:51  Sentry x2  
  147  8:57  Disruptor (Chrono Boost)  
  147  9:02  Zealot x4  
  152  9:03  Zealot  
  152  9:07  Disruptor (Chrono Boost)  
  163  9:10  Pylon  
  163  9:15  Shield Battery  
  160  9:18  Zealot x3  
  152  9:25  Observer  
  150  9:31  Stalker x3  
  150  9:34  Disruptor  
  159  9:38  Disruptor  
  159  9:42  Shield Battery  
  159  9:43  Pylon  
  162  10:00  Stalker x4  
  169  10:07  Disruptor (Chrono Boost)  
  169  10:10  Stalker  
  169  10:11  Stalker x2  
  176  10:23  Observer (Chrono Boost), Stalker x3  
  176  10:24  Stalker  
  176  10:27  Gravitic Boosters (Chrono Boost)  
  174  10:37  Stalker x3  
  174  10:45  Observer (Chrono Boost)  
  175  10:53  Photon Cannon  
  175  10:55  Pylon  
  175  10:58  Photon Cannon, Stalker x4  
  181  11:24  Stalker  
  181  11:25  Stalker x4  
  183  11:26  Stalker  
  183  11:31  Stalker x2  
  191  11:52  Stalker x5  
  168  12:21  Stalker x5  
  168  12:22  Stalker x3  
Show
View Real Time Build Order
Export as new Build Order

Rex Zerg 

Build Orders: Hatch First, Swarm Host 

Get SALT Encoding   

  12  0:00  Drone  
  13  0:12  Overlord  
  13  0:17  Drone  
  14  0:30  Drone x2  
  16  0:47  Hatchery  
  15  0:50  Drone  
  15  0:53  Drone  
  17  0:57  Drone  
  18  1:08  Extractor  
  17  1:13  Spawning Pool  
  17  1:16  Drone  
  17  1:19  Drone  
  18  1:28  Drone  
  19  1:38  Drone  
  20  1:49  Overlord  
  20  1:59  Queen x2  
  24  2:02  Zergling x4  
  26  2:09  Metabolic Boost  
  26  2:12  Drone  
  26  2:13  Drone  
  28  2:23  Drone x2  
  30  2:39  Hatchery  
  30  2:44  Drone x2  
  31  2:48  Queen  
  33  2:52  Overlord  
  33  3:07  Spore Crawler  
  33  3:08  Queen  
  33  3:10  Overlord  
  33  3:11  Drone x2  
  37  3:14  Drone x2  
  37  3:16  Drone  
  37  3:18  Drone  
  37  3:19  Drone  
  42  3:22  Drone  
  43  3:29  Queen  
  43  3:31  Drone  
  46  3:35  Drone  
  46  3:37  Drone  
  48  3:42  Overlord  
  48  3:46  Queen  
  50  3:49  Overlord  
  50  3:54  Evolution Chamber  
  49  3:56  Spore Crawler  
  49  3:58  Overlord  
  49  4:02  Drone x4  
  52  4:08  Spore Crawler  
  52  4:09  Drone x2  
  53  4:13  Drone x2  
  53  4:14  Drone  
  53  4:16  Drone  
  57  4:19  Overlord  
  57  4:23  Zerg Melee Weapons Level 1  
  57  4:26  Overlord  
  57  4:29  Baneling Nest  
  56  4:32  Drone  
  57  4:40  Drone x6  
  57  4:45  Extractor  
  62  4:46  Spore Crawler  
  62  4:52  Hatchery  
  59  4:58  Zergling x8  
  63  5:02  Zergling x8  
  67  5:11  Zergling x12  
  73  5:17  Overlord  
  73  5:21  Overlord  
  73  5:27  Baneling x4  
  72  5:31  Drone x7  
  79  5:42  Drone  
  79  5:43  Drone x5  
  79  5:45  Drone x5  
  88  5:51  Lair  
  88  5:53  Drone x2  
  90  6:00  Drone x2, Extractor  
  90  6:01  Extractor  
  90  6:02  Overlord x2  
  90  6:03  Extractor  
  89  6:04  Drone  
  89  6:05  Drone  
  89  6:07  Drone  
  89  6:08  Drone  
  89  6:09  Extractor  
  89  6:10  Drone x2  
  94  6:16  Drone x3  
  94  6:17  Drone x2  
  99  6:19  Roach Warren  
  98  6:28  Overlord x2  
  98  6:29  Drone, Overlord  
  98  6:30  Drone x3  
  102  6:35  Spore Crawler  
  101  6:43  Drone  
  98  6:49  Zerg Melee Weapons Level 2, Drone x3  
  98  6:52  Infestation Pit  
  100  7:01  Drone  
  97  7:02  Glial Reconstitution  
  97  7:03  Drone x3  
  97  7:04  Overlord x3  
  99  7:11  Roach x10  
  99  7:13  Zergling x4  
  121  7:18  Drone x4, Extractor  
  121  7:19  Extractor  
  121  7:22  Overlord  
  120  7:29  Nydus Network  
  119  7:33  Swarm Host x5  
  119  7:34  Swarm Host  
  136  7:37  Swarm Host  
  136  7:42  Swarm Host  
  142  7:46  Overlord x2  
  142  7:51  Overseer  
  142  7:53  Drone x3  
  142  7:57  Roach x8  
  158  8:00  Overlord  
  158  8:01  Overlord  
  158  8:09  Roach x6  
  158  8:10  Roach x2  
  173  8:20  Overseer  
  173  8:22  Roach x7  
  173  8:23  Ravager  
  187  8:27  Roach  
  187  8:28  Roach x2  
  193  8:34  Zergling x10  
  198  8:43  Zergling x10  
  198  8:44  Zergling x2  
  198  8:47  Zergling x6  
  193  8:49  Tunneling Claws  
  193  8:50  Burrow  
  193  8:53  Nydus Canal  
  191  9:02  Overlord  
  191  9:11  Nydus Canal  
  191  9:14  Roach x8  
  191  9:15  Roach  
  196  9:22  Roach  
  196  9:23  Roach x2  
  198  9:29  Roach x4  
  188  9:31  Zerg Missile Weapons Level 1  
  188  9:35  Nydus Canal  
  188  9:36  Swarm Host x4  
  196  9:41  Roach x4  
  198  9:46  Roach  
  200  10:03  Roach x3  
  195  10:11  Roach x5  
  190  10:18  Roach  
  190  10:19  Roach x6  
  196  10:21  Nydus Canal  
  196  10:24  Ravager x7  
  193  10:29  Roach x3  
  197  10:39  Roach  
  193  10:45  Nydus Canal  
  193  10:47  Roach x5  
  197  10:53  Roach x8  
  197  11:09  Roach  
  193  11:16  Roach x10  
  197  11:23  Roach x6  
  193  11:35  Roach x4  
  188  11:43  Roach x10  
  188  11:45  Ravager x5  
  191  11:50  Roach x2  
  191  11:51  Ravager  
  191  11:52  Ravager  
  194  11:57  Roach  
  194  11:58  Roach  
  198  12:06  Roach  
  198  12:07  Roach x5  
Tags
 
Add a new tag
Caveats
  • Supply blocks, unpowered buildings, or Contaminate may cause inaccurate times.
  • Supply counts are checked every 10 seconds.